 Dungeon Crawl Stone Soup version 0.30.0-15-g856e2d3f33 (webtiles) character file.

Game seed: 10241874661933424585

266 RascalDebosk the Magician (level 6, -8/43 HPs)
             Began as a Djinni Conjurer on May 18, 2023.
             Mangled by Pikel
             ... wielding a +1 whip of electrocution
              (9 damage)
             ... on level 4 of the Dungeon.
             The game lasted 00:12:29 (2806 turns).

RascalDebosk the Magician (Djinni Conjurer)         Turns: 2806, Time: 00:12:29

Health: -8/43      AC:  2    Str:  6    XL:     6   Next: 44%
Gold:   163        EV: 12    Int: 21    God:
                   SH:  0    Dex: 12

rFire   + + .        g - +0 rapier
rCold   x . .        (no shield)
rNeg    . . .        a - +0 robe
rPois   ∞            (no helmet)
rElec   .            (no cloak)
rCorr   .            (no gloves)
SInv    .            (boots unavailable)
Will    .....        (no amulet)
Stlth   ++           (no ring)
HPRegen 0.27/turn    (no ring)
MPRegen 0.00/turn

%: infuse magic (-9 HP)
@: flying, very slightly contaminated
A: sickness immunity, fire resistance 2, cold vulnerability 1, float, innate
caster, HP casting, extra vitality 1
a: no special abilities


You were on level 4 of the Dungeon.
You visited 1 branch of the dungeon, and saw 4 of its levels.

You collected 163 gold pieces.

Inventory:

Hand Weapons
 g - a +0 rapier (weapon)
Missiles
 h - a throwing net {@!f}
Armour
 a - a +0 robe (worn)
 n - a +0 ring mail
Scrolls
 b - 2 scrolls of identify {unknown}
 d - a scroll of butterflies {unknown}
 i - a scroll of fog {unknown}
 j - a scroll of magic mapping {unknown}
 l - 2 scrolls of enchant weapon {unknown}
 o - a scroll of immolation {unknown}
 p - a scroll of blinking {unknown}
Potions
 c - 4 potions of mutation {unknown}
 e - 3 potions of invisibility {unknown}
 f - 2 potions of attraction {unknown}
 k - a potion of lignification {unknown}
 m - a potion of flight {unknown}


   Skills:
 * Level 1.6 Fighting
 + Level 0.8 Short Blades
 + Level 0.7 Armour
 - Level 2.1 Dodging
 - Level 1.5 Stealth
 * Level 5.2 Spellcasting
 + Level 0.9 Evocations


You knew the following spells:

 Your Spells              Type           Power      Damage    Failure   Level
a - Magic Dart            Conj           100%       1d8       1%          1
b - Searing Ray           Conj           54%        2d6       1%          2
c - Dazzling Flash        Conj/Hex       54%        N/A       3%          3
d - Fulminant Prism       Conj/Hex       13%        3d9       12%         4
e - Iskenderun's Mystic   Conj/Tloc      27%        2d7       12%         4
f - Apportation           Tloc           54%        N/A       1%          1
g - Scorch                Fire           54%        2d7       1%          2
Your spell library was empty.

Dungeon Overview and Level Annotations

Branches:
Dungeon (4/15)
 Temple: D:4-7

Altars:
Qazlal
Uskayaw

Shops:
D:3 =

Annotations:
D:4 Pikel


Innate Abilities, Weirdness & Mutations

You are immune to sickness and miasma.
You are immune to poison.
Your flesh is very heat resistant. (rF++)
You are vulnerable to cold. (rC-)
You float through the air rather than walking.
You learn spells naturally, not from books.
Your magical power is your life essence.
You have superior vitality. (+4 MHP)


Message History

Press: ? - help, Shift-Dir - straight line, f - lemure
Aim: a lemure (100% to hit)
Okay, then.
Pikel, Merchant of Souls comes into view.
He is wielding a +1 whip of electrocution.
A lemure comes into view.
Pikel moves out of view.
Casting: Magic Dart (safe; 1% risk of failure)
Confirm with . or Enter, or press ? or * to list all spells.
The spell is quite dangerous to miscast (12% risk of failure)!
Continue anyway?
Okay, then.
Casting: Fulminant Prism (quite dangerous; 12% risk of failure)
Confirm with . or Enter, or press ? or * to list all spells.
Flames lash the lemure.
The lemure is lightly wounded.
The lemure's fire resistance burns away.
You hear a shout!
Casting: Scorch (safe; 1% risk of failure)
Confirm with . or Enter, or press ? or * to list all spells.
Flames lash the lemure.
The lemure is burned terribly!
The lemure is severely wounded.
The lemure hits you!
Casting: Scorch (safe; 1% risk of failure)
Confirm with . or Enter, or press ? or * to list all spells.
Flames lash the lemure.
The lemure is burned terribly!
You kill the lemure!
That felt strangely unrewarding.
You hear a shout!
A lemure comes into view.
The lemure moves out of view.
You start resting.
A lemure is nearby!
You start resting.
A lemure is nearby!
Casting: Scorch (safe; 1% risk of failure)
Confirm with . or Enter, or press ? or * to list all spells.
Flames lash the lemure.
The lemure is lightly wounded.
The lemure's fire resistance burns away.
Casting: Scorch (safe; 1% risk of failure)
Confirm with . or Enter, or press ? or * to list all spells.
Flames lash the lemure.
The lemure is burned terribly!
The lemure is heavily wounded.
The lemure hits you.
Casting: Scorch (safe; 1% risk of failure)
Confirm with . or Enter, or press ? or * to list all spells.
Flames lash the lemure.
The lemure is burned terribly!
The lemure is almost dead.
You hear a shout!
The lemure hits you but does no damage.
A lemure comes into view.
Casting: Scorch (safe; 1% risk of failure)
Confirm with . or Enter, or press ? or * to list all spells.
You miscast Scorch.
You are very lightly contaminated with residual magic.
Nothing appears to happen.
The lemure closely misses you.
Casting: Scorch (safe; 1% risk of failure)
Confirm with . or Enter, or press ? or * to list all spells.
Flames lash the lemure.
The lemure is burned terribly!
You kill the lemure!
That felt strangely unrewarding.
* * * LOW HITPOINT WARNING * * *
Casting: Scorch (safe; 1% risk of failure)
Confirm with . or Enter, or press ? or * to list all spells.
The spell is quite dangerous to miscast (12% risk of failure)!
Continue anyway?
Aiming: Fulminant Prism (quite dangerous; 12% risk of failure)
Press: ? - help, Dir - move target You conjure a prism of explosive energy!
* * * LOW HITPOINT WARNING * * *
A fulminant prism comes into view.
Your fulminant prism crackles loudly.
Pikel hits your fulminant prism with a +1 whip of electrocution.
Your fulminant prism explodes!
The blast of energy engulfs Pikel!
Pikel is heavily wounded.
The blast of energy engulfs the lemure!
The lemure is heavily wounded.
Casting: Fulminant Prism (quite dangerous; 12% risk of failure)
Confirm with . or Enter, or press ? or * to list all spells.
Aiming: Searing Ray (safe; 1% risk of failure)
Press: ? - help, Shift-Dir - straight line, f - Pikel
Aim: Pikel, wielding a +1 whip of electrocution and wearing a +0 robe (heavily wounded, 74% to hit)
The searing ray hits Pikel.
Pikel is heavily wounded. (Press . to maintain the ray.)
* * * LOW HITPOINT WARNING * * *
Pikel says, "Hell isn't that bad."
The searing ray hits Pikel!
Pikel is severely wounded.
The searing ray hits the lemure!
The lemure is almost dead.
* * * LOW HITPOINT WARNING * * *
Casting: Searing Ray (safe; 1% risk of failure)
Confirm with . or Enter, or press ? or * to list all spells.
The spell is quite dangerous to miscast (12% risk of failure)!
Continue anyway?
You miscast Iskenderun's Mystic Blast.
You are blasted with magical energy!
* * * LOW HITPOINT WARNING * * *
* * * LOW HITPOINT WARNING * * *
Pikel hits you with a +1 whip of electrocution!
You die...

......##....# ##......##.####
..>...##....## #....###.#....##
.##.......##.###.###...#.#....#
.............###.#....#.#.....
.....5....###.).#.....#.#....#
......###.#....#....#...#....
#...##...#5....#...##...#....
##..#....#.K..#.###.#.).#....
###.....#..@###...#.#.#.#...
#....#.###÷#....#.#.#.#...
#...###...#.....#.#.#.#...
#.###.#....#....#...#...#.#
##.. #..<..#...##.[.#...#..
....#....#.###.#...#...#..
..#...###...#.#.#.#.#.#.
#.###.#....#.#.#.#.#.#.
##...#.....#.#.#.#.#.##


You could see Pikel and a lemure.

Vanquished Creatures
  A black bear (D:2)
  2 lemures (D:4)
  A hound (D:4)
  7 adders
  4 dart slugs
  4 orcs (D:4)
  10 endoplasms
  2 giant cockroaches (D:2)
  4 goblins
  9 hobgoblins
  9 kobolds
  A quokka (D:1)
  9 ball pythons
  6 bats
  4 frilled lizards
  3 rats
76 creatures vanquished.

Vanquished Creatures (others)
  A fulminant prism (D:4)
1 creature vanquished.

Grand Total: 77 creatures vanquished

Notes
Turn   | Place    | Note
-------+----------+-------------------------------------------
     0 | D:1      | RascalDebosk the Djinni Conjurer began the quest for the
                  | Orb.
     0 | D:1      | RascalDebosk set off with the following spells memorised:
                  | Magic Dart, Searing Ray, Dazzling Flash, Fulminant Prism,
                  | Iskenderun's Mystic Blast.
     0 | D:1      | Reached XP level 1. HP: 15/15 MP: 0/0
   123 | D:1      | Reached XP level 2. HP: 16/21 MP: 0/0
   538 | D:1      | Reached XP level 3. HP: 20/25 MP: 0/0
   538 | D:1      | Learned a level 1 spell: Apportation
   667 | D:1      | Reached skill level 4 in Spellcasting
  1120 | D:2      | Noticed a black bear
  1125 | D:2      | Killed a black bear
  1126 | D:2      | Reached XP level 4. HP: 25/31 MP: 0/0
  1126 | D:2      | Reached XP level 5. HP: 28/35 MP: 0/0
  1126 | D:2      | Learned a level 2 spell: Scorch
  1243 | D:2      | Reached skill level 5 in Spellcasting
  1896 | D:3      | Found Gaehawk's Jewellery Shoppe.
  2057 | D:3      | Found a hide-covered altar of Uskayaw.
  2174 | D:3      | Reached skill level 1 in Fighting
  2174 | D:3      | Reached XP level 6. HP: 39/42 MP: 0/0
  2282 | D:3      | Found a stormy altar of Qazlal.
  2776 | D:4      | Noticed Pikel
  2806 | D:4      | HP: 1/43 [something (10)]
  2806 | D:4      | Mangled by Pikel

Illustrated notes

Levels and vault maps discovered:
D:1:      denvon_arrival_hothouse, layout_basic
D:2:      layout_basic, nicolae_concentric_dashed_squares_mild
D:3:      layout_loops_ring, nicolae_sif_muna_little_library,
          grunt_qazlal_sundering, lemuel_doored_altar, serial_shops,
          shop_fountains
D:4:      nicolae_BIG_FREAKIN_CUBE, layout_cave_pools, uniq_pikel

Skill      XL: |  1  2  3  4  5 |
---------------+----------------+-----
Spellcasting   | 4 5 |  5.2
Fighting       | 1 |  1.6
Short Blades   | |  0.8
Armour         | |  0.7
Dodging        | |  2.1
Stealth        | |  1.5
Evocations     | |  0.9

Action                     |  1- 3 |  4- 6 || total
---------------------------+-------+-------++-------
  Melee: Rapier            |       |     6 ||     6
   Cast: Magic Dart        |    47 |    83 ||   130
         Searing Ray       |     3 |     3 ||     6
         Apportation       |     2 |       ||     2
         Scorch            |       |    11 ||    11
         Iskenderun's Myst |       |     1 ||     1
         Fulminant Prism   |       |     1 ||     1
   Stab: Sleeping          |       |     1 ||     1
 Armour: Robe              |     1 |     1 ||     2
  Dodge: Dodged            |     2 |     4 ||     6
